 Dungeon Crawl Stone Soup version 0.28-a0-823-gb444dcf96d (webtiles) character file.

Game seed: 495922532225763688

1949 ders the Geomancer (level 9, -2/46 HPs)
             Began as a Gargoyle Earth Elementalist on Nov 9, 2021.
             Was a Follower of Vehumet.
             Hit by a large rock thrown by a cyclops (48 damage)
             ... on level 7 of the Dungeon.
             The game lasted 00:12:03 (8580 turns).

ders the Geomancer (Gargoyle Earth Elementalist)    Turns: 8580, Time: 00:12:03

Health: -2/46      AC: 11    Str: 12    XL:     9   Next: 18%
Magic:  18/19      EV: 11    Int: 19    God:    Vehumet [*.....]
Gold:   334        SH:  5    Dex: 10    Spells: 18/22 levels left

rFire   . . .      SeeInvis .   u - +0 morningstar
rCold   . . .      Faith    .   (no shield)
rNeg    + . .      Spirit   .   b - +0 robe
rPois   ∞          Reflect  +   m - +0 helmet
rElec   +          Harm     .   (no cloak)
rCorr   .          Rampage  .   g - +1 pair of gloves
Will    .....                   (no boots)
Stlth   ++........              q - amulet of reflection
HPRegen 0.15/turn               (no ring)
MPRegen 0.16/turn               (no ring)

@: no status effects
A: sickness immunity, AC +6, negative energy resistance 1, electricity
resistance, torment resistance 1, petrification resistance
a: Renounce Religion


You were on level 7 of the Dungeon.
You worshipped Vehumet.
Vehumet was aware of your devotion.
You visited 2 branches of the dungeon, and saw 8 of its levels.

You collected 334 gold pieces.

Inventory:

Hand Weapons
 u - a +0 morningstar (weapon)
Missiles
 c - 62 stones
Armour
 b - a +0 robe (worn)
 g - a +1 pair of gloves (worn)
 m - a +0 helmet (worn)
Jewellery
 i - a ring of flight
 q - an amulet of reflection (around neck)
 w - an amulet of faith
Wands
 k - a wand of polymorph (14)
 v - a wand of flame (8)
Scrolls
 d - 3 scrolls of identify
 p - 3 scrolls of magic mapping
 t - 2 scrolls of acquirement {unknown}
Potions
 a - a potion of attraction {unknown}
 e - a potion of haste {unknown}
 f - 5 potions of heal wounds
 h - a potion of mutation {unknown}
 j - a potion of lignification {unknown}
 l - 3 potions of curing {unknown}
 n - a potion of resistance {unknown}
 s - a potion of brilliance {unknown}


   Skills:
 + Level 0.4 Fighting
 - Level 1.5 Dodging
 - Level 2.1 Stealth
 + Level 0.3 Shields
 + Level 7.2 Spellcasting
 * Level 5.9 Conjurations
 + Level 0.7 Transmutations
 + Level 9.1 Earth Magic


You had 18 spell levels left.
You knew the following spells:

 Your Spells              Type           Power      Damage    Failure   Level
a - Sandblast             Erth           82%        2d17      1%          1
b - Stone Arrow           Conj/Erth      70%        3d11      1%          3

Your spell library contained the following spells:

 Spells                   Type           Power      Damage    Failure   Level
 Foxfire                  Conj/Fire      72%        2x1d7     3%          1
 Passwall                 Tmut/Erth      20%        N/A       1%          2
 Pain                     Necr           24%        1d5       10%         1
 Petrify                  Tmut/Erth      25%        N/A       13%         4
 Ensorcelled Hibernation  Hex/Ice        12%        N/A       16%         2
 Ozocubu's Armour         Ice            6%         N/A       30%         3
 Tukima's Dance           Hex            6%         N/A       30%         3
 Agony                    Necr           6%         N/A       95%         5
 Excruciating Wounds      Necr           3%         N/A       95%         5
 Ozocubu's Refrigeration  Ice            3%         4d5       100%        7


Dungeon Overview and Level Annotations

Branches:
Dungeon (7/15)             Temple (1/1) D:6

Altars:
Dithmenos
Fedhas
Ru
Sif Muna
Trog
Vehumet
Wu Jian
Xom
Zin
The Shining One

Shops:
D:4 *

Annotations:
D:7 1 transporter


Innate Abilities, Weirdness & Mutations

You are immune to sickness and miasma.
Your stone body is resilient. (AC +6)
You are immune to poison.
You resist negative energy. (rN+)
You are resistant to electric shocks. (rElec)
You are resistant to unholy torment.
You are immune to petrification.


Message History

Aim: a centaur skeleton (100% to hit)
The blast of sand hits the centaur skeleton!
The centaur skeleton is severely damaged.
The centaur skeleton hits you but does no damage.
The centaur skeleton kicks you but does no damage.
Unknown command.
Casting: Sandblast (safe; 1% risk of failure)
Confirm with . or Enter, or press ? or * to list all spells.
Aiming: Sandblast (safe; 1% risk of failure)
Press: ? - help, Shift-Dir - straight line, f/p - centaur skeleton
Aim: a centaur skeleton (severely damaged, 100% to hit)
The blast of sand hits the centaur skeleton!!
You destroy the centaur skeleton!
Vehumet accepts your kill.
Unknown command.
Casting: Sandblast (safe; 1% risk of failure)
Confirm with . or Enter, or press ? or * to list all spells.
You can't see any susceptible monsters within range! (Use Z to cast anyway.)
Found a ring mail.
Found a hand axe, a piece from Xom's chessboard (15/15) and 33 sling bullets.
You see here a book of Pain.
There is a strange disturbance nearby!
You pick up a book of Pain and begin reading...
You add the spells Pain, Agony and Excruciating Wounds to your library.
A cyclops comes into view.
Casting: Sandblast (safe; 1% risk of failure)
Confirm with . or Enter, or press ? or * to list all spells.
You can't see any susceptible monsters within range! (Use Z to cast anyway.) Unknown command.
You hear a splashing noise.
Casting: Sandblast (safe; 1% risk of failure)
Confirm with . or Enter, or press ? or * to list all spells.
You can't see any susceptible monsters within range! (Use Z to cast anyway.) Unknown command.
The cyclops shouts!
You hear a shout!
Something hits you but does no damage.
Deactivating autopickup; reactivate with Ctrl-A.
The cyclops throws a large rock.
The large rock hits you!!!
Ouch! That really hurt!
You die...

#..# ♣♣ ♣.♣ #.######.# #..#
#♣.≈ . . #.# #.# #..# #.≈≈ #♣.
.♣#.# #.# #..# ♣♣.#♣.≈
#.♣♣♣.#.# #.# ###..# ...♣ ♣♣.♣
#(♣.♣.#.# #.#
..[..#♣...♣#♣.#.♣#.♣.♣.#.# #.#
####...♣
♣.#}≈≈≈.#.♣.♣...######.# #...♣
♣.C.≈≈≈....≈........##.# #...♣
♣.#)≈≈≈@#.♣.♣...###.##.# #.#♣..
#♣.#.♣#[♣.♣.#.# #.##.# #.# ...♣
♣♣.♣ #.♣.♣.#.# #.##.. #.#
♣♣♣.#♣.≈ #.♣♣♣.#.# #.#### #.#
#.≈≈ #♣. .♣#.# #.# ####.# #♣.≈
. . #.###.# .<...# ♣♣ ♣.♣
#..##.#
###..###################..##.#
##......................##.####


You could see a cyclops.

Vanquished Creatures
  A water moccasin (D:7)
  A sky beast (D:6)
  A black bear (D:5)
  A necrophage (D:5)
  An ogre (D:7)
  2 centaurs
  2 phantoms
  A kobold brigand (D:6)
  2 bullfrogs
  A gnoll sergeant (D:7)
  A scorpion (D:5)
  2 centaur zombies
  2 hounds
  2 centaur skeletons (D:7)
  2 orc priests
  3 iguanas
  2 jellies
  2 orc wizards
  A killer bee zombie (D:7)
  A howler monkey zombie (D:7)
  9 adders
  17 gnolls
  3 river rats (D:6)
  A shadow imp (D:6)
  3 white imps
  3 worms (D:6)
  A dart slug (D:2)
  16 orcs
  6 endoplasms
  2 giant cockroaches
  8 goblins
  5 hobgoblins
  4 quokkas
  5 ball pythons
  A frilled lizard (D:2)
  9 kobolds
  5 rats
129 creatures vanquished.

Vanquished Creatures (others)
  6 plants (D:7)
6 creatures vanquished.

Grand Total: 135 creatures vanquished

Notes
Turn   | Place    | Note
-------+----------+-------------------------------------------
     0 | D:1      | ders the Gargoyle Earth Elementalist began the quest for
                  | the Orb.
     0 | D:1      | Reached XP level 1. HP: 10/10 MP: 3/3
   488 | D:1      | Reached skill level 4 in Earth Magic
   589 | D:1      | Found a faded altar of an unknown god.
  1081 | D:2      | Reached XP level 2. HP: 15/15 MP: 3/5
  1648 | D:2      | Reached XP level 3. HP: 19/19 MP: 4/6
  1659 | D:2      | Learned a level 3 spell: Stone Arrow
  2288 | D:3      | Reached skill level 5 in Earth Magic
  2288 | D:3      | Reached XP level 4. HP: 22/24 MP: 3/8
  2291 | D:3      | Reached skill level 1 in Conjurations
  2858 | D:4      | Noticed a bullfrog
  2860 | D:4      | Killed a bullfrog
  2861 | D:4      | Reached XP level 5. HP: 28/28 MP: 6/10
  3100 | D:4      | Found a glowing silver altar of Zin.
  3228 | D:4      | Noticed a phantom
  3232 | D:4      | Reached XP level 6. HP: 31/32 MP: 7/11
  3379 | D:4      | Found an ornate altar of the Wu Jian Council.
  3477 | D:4      | Reached skill level 6 in Earth Magic
  3638 | D:4      | Found a shimmering altar of Xom.
  3972 | D:4      | Found Hafevom's Assorted Antiques.
  4122 | D:5      | Entered Level 5 of the Dungeon
  4454 | D:5      | Reached XP level 7. HP: 36/36 MP: 9/13
  4705 | D:5      | Reached skill level 7 in Earth Magic
  4924 | D:5      | You fall into a shaft and drop 2 floors!
  5108 | D:6      | Reached skill level 5 in Spellcasting
  5112 | D:6      | Reached XP level 8. HP: 42/42 MP: 4/15
  5114 | D:6      | Reached skill level 5 in Conjurations
  5125 | D:6      | Found a staircase to the Ecumenical Temple.
  5134 | Temple   | Entered the Ecumenical Temple
  5305 | Temple   | Became a worshipper of Vehumet
  5558 | D:6      | Found a glowing drain.
  5766 | D:6      | Reached skill level 8 in Earth Magic
  5897 | D:6      | You fall into a shaft and drop 1 floor!
  7549 | D:7      | Reached * piety under Vehumet
  7549 | D:7      | Offered knowledge of Foxfire by Vehumet.
  7814 | D:7      | Reached XP level 9. HP: 39/46 MP: 1/19
  8365 | D:7      | Reached skill level 9 in Earth Magic
  8513 | D:7      | Found a transporter.
  8578 | D:7      | Noticed a cyclops
  8580 | D:7      | Hit by a large rock thrown by a cyclops

Illustrated notes

Levels and vault maps discovered:
D:1:      heliophobic_arrival_ceremonial_halls, layout_loops_corners,
          shapermc_ecumenical_altar_mp_vishouse
D:2:      layout_basic, serial_rivers, chequers_serial_rivers_room_b,
          chequers_serial_rivers_small_3, chequers_serial_rivers_room_b,
          chequers_serial_rivers_micro_b, chequers_serial_rivers_room_a,
          chequers_serial_rivers_room_b
D:3:      layout_rooms
D:4:      layout_basic, nzn_wu_jian_council_hall, lemuel_tele_altar,
          zin_treasury, serial_shops, nicolae_shop_stone
D:5:      layout_basic
D:6:      layout_loops_ring, minmay_temple_entry_statues_pillars,
          lightli_sewer_entry_pipes
D:7:      nzn_winding_woodlands_small [nzn_winding_woodlands_5x15_zeroes,
          nzn_winding_woodlands_center_triple_pond,
          nzn_winding_woodlands_5x15_eye], layout_loops_ring,
          gammafunk_ghost_gnarly_gnolls
Temple:   oiseaux_autumnal_temple

Skill      XL: |  1  2  3  4  5  6  7  8  9 |
---------------+----------------------------+-----
Earth Magic    | 4 5 6 7 8 9 |  9.1
Spellcasting   | 3 4 5 6 7 |  7.2
Conjurations   | 2 3 4 5 |  5.9
Fighting       | |  0.4
Dodging        | |  1.5
Stealth        | |  2.1
Shields        | |  0.3
Transmutations | |  0.7

Action                   |  1- 3 |  4- 6 |  7- 9 || total
-------------------------+-------+-------+-------++-------
Melee: Unarmed           |       |     3 |       ||     3
       Morningstar       |       |       |     2 ||     2
 Cast: Sandblast         |    44 |    61 |    80 ||   185
       Stone Arrow       |       |       |    59 ||    59
  Use: Scroll            |       |       |     7 ||     7
Armor: Robe              |     3 |    10 |    32 ||    45
Dodge: Dodged            |     5 |    20 |    43 ||    68
Block: Other             |       |     1 |    14 ||    15
       Reflection        |       |       |     4 ||     4

Table legend: (Time is in decaauts)
 A = Elapsed time spent in this place.
 B = Non-inter-level travel time spent in this place.
 C = Inter-level travel time spent in this place.
 D = Time resting spent in this place.
 E = Time spent auto-exploring this place.
 F = Levels seen in this place.
 G = Mean time per level.
                   A        B        C        D        E       F      G
               +--------+--------+--------+--------+--------+-----+--------+
         Total |   8634 |   7991 |    643 |   2864 |   4171 |   8 | 1079.2 |
       Dungeon |   8428 |   7834 |    594 |   2780 |   4110 |   7 | 1204.0 |
        Temple |    206 |    157 |     49 |     84 |     61 |   1 |  206.0 |
               +--------+--------+--------+--------+--------+-----+--------+

Top non-repeatable levels by time:
     D:6: 2574 daAuts
     D:4: 1165 daAuts
     D:2: 1160 daAuts
     D:5: 1126 daAuts
     D:1: 1063 daAuts
     D:3: 747 daAuts
     D:7: 590 daAuts
  Temple: 206 daAuts
